 Dungeon Crawl Stone Soup version 0.30.1-8-g117510f58f (webtiles) character file.

Game seed: 7969578841642224895

119 LynnLen the Sneak (level 4, 0/31 HPs)
             Began as a Spriggan Enchanter on Sept 22, 2023.
             Constricted to death by Ijyb (8 damage)
             ... on level 3 of the Dungeon.
             The game lasted 00:10:16 (2431 turns).

LynnLen the Sneak (Spriggan Enchanter)              Turns: 2431, Time: 00:10:16

Health: 0/31       AC:  3    Str:  4    XL:     4   Next: 73%
Magic:  5/9        EV: 15    Int: 18    God:
Gold:   176        SH:  0    Dex: 15    Spells: 1/9 levels left

rFire   . . .        a - +1 dagger
rCold   . . .        (no shield)
rNeg    . . .        b - +1 robe
rPois   .            (helmet restricted)
rElec   .            (no cloak)
rCorr   .            (gloves unavailable)
SInv    +            (boots unavailable)
Will    .....        (no amulet) Stlth
                     (no ring)
HPRegen 0.25/turn    (no ring)
MPRegen 0.11/turn

%: no passive effects
@: berserking, grasped by roots, constricted, very quick
A: very small, no large weapons, unfitting armour, see invisible, speed 3
a: no special abilities


You were on level 3 of the Dungeon.
You visited 1 branch of the dungeon, and saw 3 of its levels.

You collected 176 gold pieces.

Inventory:

Hand Weapons
 a - a +1 dagger (weapon)
Armour
 b - a +1 robe (worn)
Scrolls
 g - a scroll of butterflies {unknown}
 h - a scroll of fear
 i - a scroll of brand weapon {unknown}
 j - 2 scrolls of enchant weapon
 k - a scroll of teleportation {unknown}
 l - a scroll of fog {unknown}
Potions
 c - 2 potions of invisibility
 e - 2 potions of cancellation
 f - a potion of flight {unknown}
 m - a potion of mutation {unknown}


   Skills:
 + Level 0.8 Fighting
 + Level 1.8 Short Blades
 + Level 3.5 Dodging
 + Level 5.1 Stealth
 + Level 3.2 Spellcasting
 * Level 4.4 Hexes
 * Level 1.4 Ice Magic


You had one spell level left.
You knew the following spells:

 Your Spells              Type           Power      Damage    Failure   Level
a - Ensorcelled Hibernat  Hex/Ice        26%        N/A       8%          2
b - Confusing Touch       Hex            18%        N/A       8%          3
c - Tukima's Dance        Hex            18%        N/A       8%          3

Your spell library contained the following spells:

 Spells                   Type           Power      Damage    Failure   Level
 Apportation              Tloc           4%         N/A       16%         1
 Necrotise                Necr           8%         1d4       16%         1
 Summon Small Mammal      Summ           8%         N/A       16%         1
 Dazzling Flash           Conj/Hex       20%        N/A       19%         3
 Summon Guardian Golem    Hex/Summ       10%        N/A       19%         3
 Call Canine Familiar     Summ           2%         N/A       43%         3
 Gell's Gravitas          Tloc           2%         N/A       43%         3
 Teleport Other           Tloc           2%         N/A       43%         3
 Dispersal                Tloc           1%         N/A       100%        6


Dungeon Overview and Level Annotations

Branches:
Dungeon (3/15)

Altars:

Annotations:
D:3 Ijyb


Innate Abilities, Weirdness & Mutations

You are very small and have problems with some larger weapons.
You are too small for most types of armour.
You have supernaturally acute eyesight. (SInv)
You cover ground extremely quickly. (Speed+++)


Message History

You now have 176 gold pieces (gained 18).
You open the door.
There is an open door here.
Ijyb the Twisted Goblin comes into view.
She is wielding a +0 club and carrying a wand of roots (10).
Ijyb is nearby!
Ijyb shouts!
Ijyb barely misses you.
Hit: a) +1 dagger
Press: ? - help, Dir - move target, f - Ijyb
Aim: Ijyb, wielding a +0 club, wearing a +0 chain mail and carrying a wand of roots (10) (about 36% to evade your +1 dagger)
Okay, then.
Aiming: Ensorcelled Hibernation (safe; 8% risk of failure)
Press: ? - help, Q - select action Shift-Dir - straight line, f - Ijyb
Aim: Ijyb, wielding a +0 club, wearing a +0 chain mail and carrying a wand of roots (10) (chance to affect: 55%) Ijyb resists with significant effort.
Ijyb screams, "Me very upset!"
Ijyb closely misses you.
Aiming: Ensorcelled Hibernation (safe; 8% risk of failure)
Press: ? - help, Q - select action Shift-Dir - straight line, f/p - Ijyb
Aim: Ijyb, wielding a +0 club, wearing a +0 chain mail and carrying a wand of roots (10) (chance to affect: 55%) Ijyb looks drowsy...
Unknown command.
The helpless Ijyb fails to defend herself.
You impale Ijyb!!
Ijyb is almost dead.
Ijyb misses you.
You completely miss Ijyb.
Ijyb is almost dead.
Ijyb zaps a wand.
The roots erupt in riotous growth!
The grasping roots grab you!
Ijyb is unaffected.
The grasping roots constrict you.
You hit Ijyb but do no damage.
Ijyb is almost dead.
Ijyb hits you with a +0 club. The grasping roots constrict you.
Unknown command.
A red film seems to cover your vision as you go berserk!
You feel yourself moving faster!
You feel mighty! Ijyb hits you with a +0 club.
* * * LOW HITPOINT WARNING * * *
The grasping roots constrict you!
You die...

....#######'###.#
#..........##
....# #.# #.#
#...########
....#
#.###.#####...#
##'##
#.............#
#.#
#####.######..#
#.# #............
#.#
#.#...####....
#.# #.#...# ...#.
#.# # #.@.# .###
##.# #.g.# ...#
.....# ####
#.##### ##


You could see Ijyb.

Vanquished Creatures
  6 adders
  A worm (D:3)
  4 dart slugs
  2 orcs (D:3)
  8 bats
  4 endoplasms
  4 giant cockroaches
  2 goblins (D:3)
  5 hobgoblins (D:1)
  3 jackals (D:3)
  2 kobolds (D:1)
  A quokka (D:3)
  6 ball pythons
  4 frilled lizards
  2 rats
54 creatures vanquished.

Notes
Turn   | Place    | Note
-------+----------+-------------------------------------------
     0 | D:1      | LynnLen the Spriggan Enchanter began the quest for the Orb.
     0 | D:1      | Reached XP level 1. HP: 9/9 MP: 5/5
   236 | D:1      | Reached XP level 2. HP: 12/13 MP: 6/6
   609 | D:1      | Learned a level 2 spell: Ensorcelled Hibernation
   742 | D:1      | Reached XP level 3. HP: 17/17 MP: 8/8
   947 | D:2      | Reached skill level 1 in Ice Magic
  1386 | D:2      | Reached XP level 4. HP: 21/21 MP: 9/9
  1554 | D:2      | Learned a level 3 spell: Confusing Touch
  1558 | D:2      | Learned a level 3 spell: Tukima's Dance
  1667 | D:3      | Found a faded altar of an unknown god.
  1868 | D:3      | Reached skill level 5 in Stealth
  2420 | D:3      | Noticed Ijyb
  2431 | D:3      | Constricted to death by Ijyb

Illustrated notes

Levels and vault maps discovered:
D:1:      shiori_arrival_elements, layout_rooms, nicolae_hexahallways
D:2:      layout_loops_ring
D:3:      layout_basic, ebering_ecumenical_altar_hall, kennysheep_nub,
          minmay_between, uniq_ijyb

Skill      XL: |  1  2  3  4 |
---------------+-------------+-----
Hexes          | 4 |  4.4
Spellcasting   | 3 |  3.2
Dodging        | 3 |  3.5
Ice Magic      | 1 |  1.4
Stealth        | 5 |  5.1
Fighting       | |  0.8
Short Blades   | |  1.8

Action                     |  1- 3 |  4- 6 || total
---------------------------+-------+-------++-------
  Melee: Dagger            |    87 |    49 ||   136
         Punch             |       |     1 ||     1
   Cast: Ensorcelled Hiber |     4 |    11 ||    15
    Use: Scroll            |     4 |     2 ||     6
         Potion            |       |     1 ||     1
   Stab: Sleeping          |    17 |    13 ||    30
 Armour: Robe              |     8 |     2 ||    10
  Dodge: Dodged            |    61 |    45 ||   106
